AoeStats
← Nare Vent

Hill Fort

504454213Analyzed
2v2 RM · 27d ago on Sep 5, 2026· 25m 58s· 4 players
Game mode
Random Map
Map size
Medium (4 player)
Population
200
Speed
Normal
Resources
Standard
Victory
Conquest
Starting age
Dark Age
Ending age
Imperial Age
RankedLock teamsTeams togetherTeam positionsShared explorationLock speedFull tech treeHidden civsTurbo modeCheats
Victory
Defeat
🇦🇷 Turks · Argentina
1031
+18
🇳🇿 Persians · New Zealand
986
+20
🇳🇱 Ethiopians · Netherlands
1071
-19
🇩🇪 Teutons · Germany
1071
-19
yuyu
10:11 Feudal Age
15:07 Castle Age
15:22 Loom
20:46 Padded Archer Armor
Propercrisps
11:56 Feudal Age
12:30 Double-Bit Axe
12:28 Horse Collar
18:09 Castle Age
17:02 Forging
17:12 Bloodlines
17:20 Gold Mining
18:19 Scale Barding Armor
18:19 Stone Mining
Moitzie
3:57 Loom
10:57 Feudal Age
13:14 Horse Collar
18:12 Castle Age
16:27 Fletching
17:34 Padded Archer Armor
17:27 Town Watch
18:45 Crossbowman
20:01 Bodkin Arrow
20:54 Wheelbarrow
20:43 Leather Archer Armor
Nare Vent
10:15 Feudal Age
15:55 Castle Age
13:56 Horse Collar
14:40 Town Watch
15:31 Scale Barding Armor
16:37 Double-Bit Axe
17:11 Forging
17:54 Bloodlines
21:39 Heavy Plow
24:25 Iron Casting
Connection lost

Rejoining the realm…

Still unreachable

The connection could not be restored.

Session expired

The server has moved on; the page needs a fresh start.